 Dungeon Crawl Stone Soup version 0.29.1-1-gd02db6906a (webtiles) character file.

Game seed: 2261661556076745040

478 mcbry74 the Chopper (level 6, -2/52 HPs)
             Began as a Minotaur Fighter on Sept 29, 2022.
             Slain by an ogre
             ... wielding a +0 giant club
              (29 damage)
             ... on level 5 of the Dungeon.
             The game lasted 00:05:25 (1774 turns).

mcbry74 the Chopper (Minotaur Fighter)              Turns: 1774, Time: 00:05:26

Health: -2/52      AC: 12    Str: 21    XL:     6   Next: 86%
Magic:  5/5        EV:  6    Int:  7    God:
Gold:   162        SH:  4    Dex:  9    Spells: 5/5 levels left

rFire   . . .      SeeInvis .   a - +0 war axe
rCold   . . .      Faith    .   c - +0 buckler
rNeg    . . .      Spirit   .   p - +0 plate armour
rPois   .          Reflect  .   (helmet restricted)
rElec   .          Harm     .   (no cloak)
rCorr   .          Rampage  .   (no gloves)
Will    .....                   (no boots)
Stlth   ..........              (no amulet)
HPRegen 0.17/turn               (no ring)
MPRegen 0.09/turn               (no ring)

@: no status effects
A: horns 2, retaliatory headbutt
a: no special abilities


You were on level 5 of the Dungeon.
You visited 1 branch of the dungeon, and saw 5 of its levels.

You collected 162 gold pieces.

Inventory:

Hand Weapons
 a - a +0 war axe (weapon)
Missiles
 e - 5 boomerangs (quivered)
 j - 4 datura-tipped darts
Armour
 b - a +0 scale mail
 c - a +0 buckler (worn)
 o - a +0 chain mail
 p - a +0 plate armour (worn)
Wands
 i - a wand of flame (33)
Scrolls
 f - 3 scrolls of identify {unknown}
Potions
 d - 2 potions of might
 g - a potion of brilliance {unknown}
 h - a potion of magic {unknown}
 k - a potion of flight {unknown}
 l - a potion of heal wounds {unknown}
 m - a potion of degeneration {unknown}
 n - a potion of lignification {unknown}


   Skills:
 - Level 4.0 Fighting
 * Level 7.7 Axes
 + Level 5.1 Armour
 - Level 4.0 Shields


You had 5 spell levels left.
You didn't know any spells.
Your spell library was empty.

Dungeon Overview and Level Annotations

Branches:
Dungeon (5/15)
 Temple: D:4-7

Altars:


Innate Abilities, Weirdness & Mutations

You have a pair of horns on your head.
You reflexively headbutt those who attack you in melee.


Message History

You now have 162 gold pieces (gained 9).
An adder comes into view.
The adder hisses angrily.
You slash the adder!
You kill the adder!
You see here an adder corpse.
An orc comes into view. It is wielding a +0 dagger.
The orc shouts!
A dart slug comes into view.
You see here an adder corpse.
You start waiting.
An orc is nearby!
You slash the orc!
You kill the orc!
Things that are here:
a +0 dagger; an adder corpse An ogre comes into view.
It is wielding a +0 giant club.
The ogre shouts!
Things that are here:
a +0 dagger; an adder corpse You start waiting.
An ogre is nearby!
Throw: 5 boomerangs
Press: ? - help, Q - select action, (/) - cycle Shift-Dir - straight line, f - ogre
Aim: an ogre, wielding a +0 giant club (72% to hit)
You throw a boomerang. The boomerang barely misses the ogre.
You hit the ogre. Your headbutt misses the ogre.
The ogre is lightly wounded.
You block the ogre's attack.
You completely miss the ogre.
The ogre is lightly wounded.
The ogre hits you with a +0 giant club!!
You completely miss the ogre. Your headbutt misses the ogre.
The ogre is lightly wounded.
You block the ogre's attack.
You hit the ogre.
The ogre is lightly wounded.
The ogre hits you with a +0 giant club!!
Ouch! That really hurt!
You die...

#.. #.# #.######
###....... #.....#
#)#.#.####
#.#......#
#.###.##.#
#.O@..##.#
########.# #.# #.#
##.## #
#####...#########.
##.
#...............#.
#..
#.##.....######.#†
#.#
#.##.#............


You could see an ogre.

Vanquished Creatures
  Prince Ribbit (D:5)
  A scorpion (D:4)
  A howler monkey (D:5)
  2 hounds
  An orc priest (D:3)
  An orc wizard (D:3)
  3 gnolls (D:4)
  An adder (D:5)
  A dart slug (D:4)
  2 orcs
  5 ball pythons
  5 endoplasms
  2 giant cockroaches
  2 goblins (D:4)
  3 hobgoblins
  2 jackals (D:4)
  2 quokkas
  A bat (D:2)
  A frilled lizard (D:1)
  2 kobolds
39 creatures vanquished.

Notes
Turn   | Place    | Note
-------+----------+-------------------------------------------
     0 | D:1      | mcbry74 the Minotaur Fighter began the quest for the Orb.
     0 | D:1      | Reached XP level 1. HP: 19/19 MP: 0/0
   130 | D:2      | Reached XP level 2. HP: 27/27 MP: 1/1
   180 | D:2      | Reached skill level 3 in Axes
   358 | D:3      | Reached XP level 3. HP: 30/33 MP: 2/2
   368 | D:3      | Reached skill level 4 in Axes
   368 | D:3      | Reached XP level 4. HP: 33/40 MP: 3/3
   803 | D:4      | Reached skill level 5 in Axes
   901 | D:4      | Noticed a scorpion
   916 | D:4      | Reached XP level 5. HP: 39/46 MP: 4/4
   965 | D:4      | Reached skill level 6 in Axes
  1461 | D:5      | Entered Level 5 of the Dungeon
  1531 | D:5      | Noticed Prince Ribbit
  1555 | D:5      | Reached XP level 6. HP: 49/52 MP: 5/5
  1591 | D:5      | Killed Prince Ribbit
  1592 | D:5      | Reached skill level 7 in Axes
  1592 | D:5      | Reached skill level 5 in Armour
  1774 | D:5      | Slain by an ogre

Illustrated notes

Levels and vault maps discovered:
D:1:      minmay_arrival_three_doors, layout_basic
D:2:      layout_basic, minmay_misc_feat_rows, uniq_jessica
D:3:      minmay_skewed_foursquare, layout_basic, ebering_ecumenical_altar_hall,
          minmay_hedge_maze, minivault_5
D:4:      layout_cave_pods
D:5:      layout_loops_ring, overflow_temple_1_default, uniq_prince_ribbit1

Skill      XL: |  1  2  3  4  5  6 |
---------------+-------------------+-----
Axes           | 3 4 5 6 7 |  7.7
Fighting       | 4 |  4.0
Armour         | 4 5 |  5.1
Shields        | 4 |  4.0

Action                   |  1- 3 |  4- 6 || total
-------------------------+-------+-------++-------
Melee: War axe           |    45 |    56 ||   101
       Headbutt          |     2 |    10 ||    12
Throw: Boomerang         |       |     1 ||     1
 Stab: Distracted        |       |     1 ||     1
Armor: Scale mail        |    18 |    12 ||    30
       Plate armour      |       |    10 ||    10
Dodge: Dodged            |    23 |    23 ||    46
Block: Buckler           |     5 |    24 ||    29
